 Dungeon Crawl Stone Soup version 0.31-a0-95-g6fa058ef04 (webtiles) character file.

Game seed: 8349721959245441798

2189 ytrimaz the Thrower (level 9, 0/84 HPs)
             Began as an Ogre Berserker on May 25, 2023.
             Was a Believer of Trog.
             Slain by an orc warrior
             ... wielding a +0 halberd
              (4 damage)
             ... in a bailey.
             The game lasted 00:07:57 (7274 turns).

ytrimaz the Thrower (Ogre Berserker)                Turns: 7274, Time: 00:07:57

Health: 0/84       AC:  4    Str: 27    XL:     9   Next: 33%
Magic:  9/9        EV: 10    Int:  8    God:    Trog [**....]
Gold:   998        SH:  0    Dex:  8    Spells: 8/8 levels left

rFire   . . .        t - +0 giant club
rCold   . . .        (shield currently unavailable)
rNeg    . . .        b - +1 animal skin
rPois   .            (helmet restricted)
rElec   .            (no cloak)
rCorr   .            (gloves unavailable)
SInv    .            (boots unavailable)
Will    +....        (no amulet)
Stlth   +            l - ring of willpower
HPRegen 0.34/turn    (no ring)
MPRegen 0.11/turn

%: no passive effects
@: no status effects
A: large, unfitting armour, tough skin 1
a: Renounce Religion, Berserk, Trog's Hand


You were in a bailey.
You worshipped Trog.
Trog was pleased with you.
You visited 1 branch of the dungeon, and saw 7 of its levels.
You also visited: Bailey.

You collected 1040 gold pieces.
You spent 42 gold pieces at shops.


Innate Abilities, Weirdness & Mutations

You are too large for most types of armour.
You have tough skin. (AC +1)


   Skills:
 - Level 4.0 Fighting
 + Level 8.3 Maces & Flails
 + Level 8.5 Throwing
 - Level 2.6 Dodging


You had 8 spell levels left.
You didn't know any spells.
Your spell library was empty.

Inventory:

Hand Weapons
 a - a +0 mace
 m - a +2 heavy flail
   (You found it on level 3 of the Dungeon)
 t - a +0 giant club (weapon)
   (You took it off an ogre on level 4 of the Dungeon)
Missiles
 e - 10 poisoned darts (quivered)
Armour
 b - a +1 animal skin (worn)
Jewellery
 l - a ring of willpower (left hand)
   (You found it on level 2 of the Dungeon)
Wands
 k - a wand of roots (6)
   (You took it off Terence on level 2 of the Dungeon)
 x - a wand of flame (9)
   (You found it on level 5 of the Dungeon)
Scrolls
 r - a scroll of immolation
 y - 2 scrolls of teleportation
 z - a scroll of butterflies
Potions
 c - a potion of magic
 d - a potion of heal wounds
 f - a potion of attraction {unknown}
 g - a potion of resistance {unknown}
 h - a potion of ambrosia {unknown}
 i - a potion of mutation {unknown}
 j - 4 potions of might
 n - a potion of invisibility {unknown}
 o - 3 potions of curing
 p - 2 potions of haste {unknown}
 s - a potion of enlightenment
 u - 2 potions of brilliance

Dungeon Overview and Level Annotations

Branches:
Dungeon (7/15) Zot: 26879  Temple (0/1) D:4          Bailey (1/1) Zot: 4850

Altars:
Trog
Uskayaw
The Shining One

Shops:
D:2 [!( D:4

: .......## #............. .
.......# #..##............
......## ###)##............
......# #.'.##............
......# ###.##............
......# #.'.##............
....).## #####.##............
.......# #o##..#.............
.......##..#+#'#@.##)............
).......##.....o.##......).......
≈≈.≈≈≈...#########.).≈≈≈.≈≈......
≈#.##≈......###..)...≈##.#≈≈.....
##.∩#≈...............≈#∩.##≈.....
#.......).................#≈.....
##.##≈...............≈##.##≈.....
≈###≈≈...............≈≈###≈≈.....
≈≈≈≈≈.................≈≈≈≈≈......


You could see an orc warrior.


Message History

The orc shoots a bolt.
The bolt hits you! 😕 HP[-7]
You take 7 damage, and now have 65/84 hp.
The orc looks more healthy.
You barely miss the orc.
You kill the orc!
Trog accepts your kill.
The orc unwields a +0 arbalest.
The orc barely misses you.
Things that are here:
a +0 arbalest; a +0 ring mail; 😕 HP[+1]
You barely miss the orc. The orc hits you. 😕 HP[-1]
You take 1 damage, and now have 65/84 hp.
You hit the orc but do no damage.
The orc hits you but does no damage. 😕 HP[+1]
You hit the orc but do no damage. The orc barely misses you.
The orc hits you but does no damage.
You bludgeon the orc!!
You kill the orc!
Trog accepts your kill.
Things that are here:
a +0 arbalest; a +0 ring mail; an orc corpse 😕 HP[+1]
e - 7 poisoned darts (gained 2) 😕 HP[+1]
e - 10 poisoned darts (gained 3) Key pressed, stopping explore.
Things that are here:
a +0 arbalest; a +0 ring mail; an orc corpse
Things that are here:
a +0 arbalest; a +0 ring mail You open the door.
An orc warrior comes into view. It is wielding a +0 glaive.
The orc warrior shouts!
The orc warrior hits you from afar with a +0 glaive! 😕 HP[+3]
You regained 3 hp, and now have 71/84 hp.
An orc warrior is nearby!
You start resting.
An orc warrior is nearby! 😕 HP[+1]
You barely miss the orc warrior.
The orc warrior hits you with a +0 glaive. 😕 HP[-4]
You take 4 damage, and now have 68/84 hp.
You closely miss the orc warrior.
The orc warrior closely misses you. 😕 HP[+1] Unknown command.
You bludgeon the orc warrior!! The orc warrior barely misses you.
You barely miss the orc warrior. The orc warrior closely misses you.
The orc warrior hits you with a +0 glaive!! 😮 HP[-19]
You take 19 damage, and now have 50/84 hp.
MASSIVE DAMAGE!! (PAUSE)
You closely miss the orc warrior.
The orc warrior barely misses you. 😮 HP[+1]
You sock the orc warrior!
You kill the orc warrior!
Trog accepts your kill.
Things that are here:
a +0 glaive; a +0 ring mail; an orc corpse 😮 HP[+1] Unknown command.
You start resting. 😎 HP[+32]
Your hp is fully restored (84).
Unknown command.
Things that are here:
a +0 glaive; a +0 ring mail; an orc corpse You open the door.
You open the door.
An orc warrior comes into view. It is wielding a +0 halberd.
The orc warrior shouts!
The orc warrior hits you from afar with a +0 halberd!! 😕 HP[-19]
You take 19 damage, and now have 65/84 hp.
MASSIVE DAMAGE!! (PAUSE)
You start resting.
An orc warrior is nearby!
You miss the orc warrior.
The orc warrior hits you with a +0 halberd!! 😮 HP[-20]
You take 20 damage, and now have 45/84 hp.
MASSIVE DAMAGE!! (PAUSE)
You barely miss the orc warrior.
The orc warrior hits you with a +0 halberd!
* * * LOW HITPOINT WARNING * * *
😨 HP[-13]
You take 13 damage, and now have 32/84 hp.
Unknown command.
You barely miss the orc warrior.
The orc warrior hits you with a +0 halberd!
* * * LOW HITPOINT WARNING * * *
😱 HP[-14]
You take 14 damage, and now have 18/84 hp.
You barely miss the orc warrior.
The orc warrior hits you with a +0 halberd!
* * * LOW HITPOINT WARNING * * *
The orc warrior hits you with a +0 halberd.
You die...

Skill      XL: |  1  2  3  4  5  6  7  8  9 |
---------------+----------------------------+-----
Maces & Flails | 3 4 5 6 7 8 |  8.3
Throwing       | 1 2 3 4 6 8 |  8.5
Fighting       | |  4.0
Dodging        | |  2.6

Action                     |  1- 3 |  4- 6 |  7- 9 || total
---------------------------+-------+-------+-------++-------
  Melee: Mace              |    94 |    13 |       ||   107
         Punch             |     1 |       |       ||     1
         Flail             |       |    48 |       ||    48
         Giant club        |       |    11 |   221 ||   232
  Throw: Dart              |       |       |    36 ||    36
 Invoke: Berserk           |     2 |     3 |     5 ||    10
         Trog's Hand       |       |     1 |     5 ||     6
  Evoke: Wand              |       |       |     5 ||     5
    Use: Scroll            |     3 |     3 |     9 ||    15
         Potion            |       |     1 |     2 ||     3
 Armour: Animal skin       |    22 |    28 |    69 ||   119
         Skin              |       |       |    34 ||    34
  Dodge: Dodged            |    47 |    46 |   151 ||   244

Levels and vault maps discovered:
D:1:      dpeg_arrival_rhombi, layout_rooms, hellmonk_ecumenical_altar_blasted
D:2:      layout_rooms, serial_shops, shop, shop, nicolae_shop_crystal,
          uniq_terence
D:3:      layout_loops_cross, tso_oasis_becter, uniq_sigmund
D:4:      layout_basic, minmay_temple_entry_statues_pillars, serial_shops,
          shop_statue, nicolae_figureground_pulse, uniq_menkaure
D:5:      layout_basic, mainiacjoe_overflow_swirl, uniq_edmund
D:6:      layout_loops_corners, grunt_ministairs_2, kennysheep_pointless_box,
          dreamdust_princess_bridge
D:7:      layout_loops_ring, enter_bailey_6, minmay_hedge_maze
Bailey:   bailey_polearm_2, bailey

Notes
Turn   | Place    | Note
-------+----------+-------------------------------------------
     0 | D:1      | ytrimaz the Ogre Berserker began the quest for the Orb.
     0 | D:1      | Reached XP level 1. HP: 24/24 MP: 1/1
     0 | D:1      | magus.rc [v1.9.6]
    14 | D:1      | Found a faded altar of an unknown god.
   105 | D:1      | Reached skill level 3 in Maces & Flails
   105 | D:1      | Reached skill level 1 in Throwing
   105 | D:1      | Reached XP level 2. HP: 26/32 MP: 2/2
   577 | D:2      | Reached ** piety under Trog
   586 | D:2      | Reached XP level 3. HP: 39/39 MP: 3/3
   589 | D:2      | Reached skill level 2 in Throwing
   701 | D:2      | Found Ham Emoi's Distillery.
   712 | D:2      | Bought a potion of curing for 42 gold pieces
   734 | D:2      | HP: 7/39 [worm (8)]
   906 | D:2      | HP: 13/58 [adder (2)]
   907 | D:2      | HP: 5/58 [poisoned by an adder]
   908 | D:2      | HP: 2/58 [poisoned by an adder]
   909 | D:2      | Reached XP level 4. HP: 3/48 MP: 4/4
  1037 | D:2      | Found Bishomn's Antique Weapon Emporium.
  1126 | D:2      | Noticed Terence
  1134 | D:2      | Killed Terence
  1322 | D:2      | Found Wygeepp's Antique Armour Emporium.
  1628 | D:3      | Reached skill level 4 in Maces & Flails
  1628 | D:3      | Reached skill level 3 in Throwing
  1628 | D:3      | Reached XP level 5. HP: 54/54 MP: 5/5
  1900 | D:3      | Noticed Sigmund
  1910 | D:3      | Killed Sigmund
  1911 | D:3      | Reached skill level 4 in Throwing
  1911 | D:3      | Reached XP level 6. HP: 62/62 MP: 6/6
  1936 | D:3      | Found a glowing golden altar of the Shining One.
  2194 | D:4      | Found a staircase to the Ecumenical Temple.
  2245 | D:4      | Found Eleshume's Book Boutique.
  2442 | D:4      | Reached skill level 5 in Maces & Flails
  2739 | D:4      | Reached XP level 7. HP: 64/70 MP: 7/7
  2821 | D:4      | Noticed Menkaure
  2825 | D:4      | Killed Menkaure
  2826 | D:4      | Reached skill level 5 in Throwing
  3112 | D:5      | Entered Level 5 of the Dungeon
  3455 | D:5      | Found a hide-covered altar of Uskayaw.
  3473 | D:5      | Reached skill level 6 in Maces & Flails
  3507 | D:5      | Found a bloodstained altar of Trog.
  3747 | D:5      | Reached skill level 6 in Throwing
  3747 | D:5      | Reached XP level 8. HP: 54/78 MP: 8/8
  3931 | D:5      | HP: 17/78 [orc wizard/puff of flame (8)]
  4226 | D:5      | Noticed Edmund
  4232 | D:5      | Killed Edmund
  4543 | D:5      | Identified a scroll of acquirement
  4543 | D:5      | Acquired 716 gold pieces
  5018 | D:6      | Reached skill level 7 in Maces & Flails
  5136 | D:6      | Reached skill level 7 in Throwing
  5155 | D:6      | HP: 15/78 [something (6)]
  6027 | D:7      | Found a flagged portal.
  6043 | D:7      | Noticed a hornet
  6047 | D:7      | Paralysed by a hornet for 2 turns
  6068 | D:7      | Paralysed by a hornet for 3 turns
  6075 | D:7      | Killed a hornet
  6076 | D:7      | Reached skill level 8 in Throwing
  6076 | D:7      | Reached XP level 9. HP: 78/84 MP: 9/9
  6117 | Bailey   | Entered a bailey
  6225 | Bailey   | HP: 20/84 [orc/bolt (6)]
  6454 | Bailey   | HP: 17/84 [orc/bolt (10)]
  6465 | Bailey   | Reached skill level 8 in Maces & Flails
  6683 | Bailey   | HP: 21/84 [orc (1)]
  6693 | Bailey   | HP: 7/84 [orc/bolt (11)]
  7273 | Bailey   | HP: 18/84 [orc warrior/+0 halberd (14)]
  7274 | Bailey   | HP: 4/84 [orc warrior/+0 halberd (15)]
  7274 | Bailey   | Slain by an orc warrior

Vanquished Creatures
  A hornet (D:7)
  Sigmund (D:3)
  Menkaure (D:4)
  Edmund (D:5)
  4 orc warriors (Bailey)
  A sky beast (D:6)
  A black bear (D:6)
  2 ogres
  A bullfrog (D:7)
  A scorpion (D:5)
  A howler monkey (D:6)
  An electric eel (D:6)
  5 hounds
  3 jellies
  4 iguanas
  A sleepcap (D:6)
  Terence (D:2)
  An orc wizard (D:5)
  6 gnolls (D:5)
  7 adders
  A shadow imp (D:5)
  2 white imps
  An ufetubus (D:6)
  3 worms (D:2)
  13 orcs
  5 bats
  7 endoplasms
  2 giant cockroaches
  4 goblins
  6 hobgoblins
  3 quokkas
  11 ball pythons
  A frilled lizard (D:3)
  2 kobolds (D:2)
  7 rats
112 creatures vanquished.

Table legend:
 A = Non-vault XP
 B = Vault XP
 C = Vault XP percentage of total XP
 D = Non-vault monster count
 E = Vault monster count
 F = Vault count percentage of total count
                 A         B        C        D         E       F
            +---------+---------+-------+---------+---------+-------
      Total |    1829 |    1299 |  41.5 |      92 |      20 |  17.9
            +---------+---------+-------+---------+---------+-------
        D:1 |      24 |       0 |   0.0 |      17 |       0 |   0.0
        D:2 |      79 |      36 |  31.3 |      20 |       1 |   4.8
        D:3 |      69 |     231 |  77.0 |      12 |       1 |   7.7
        D:4 |     218 |     172 |  44.1 |      12 |       1 |   7.7
        D:5 |     659 |     164 |  19.9 |      20 |       1 |   4.8
        D:6 |     408 |     139 |  25.4 |       9 |       2 |  18.2
        D:7 |     372 |       0 |   0.0 |       2 |       0 |   0.0
     Bailey |       0 |     557 | 100.0 |       0 |      14 | 100.0
            +---------+---------+-------+---------+---------+-------

Skill      XL: |  1  2  3  4  5  6  7  8  9 |
---------------+----------------------------+-----
Maces & Flails | 3 4 5 6 7 8 |  8.3
Throwing       | 1 2 3 4 6 8 |  8.5
Fighting       | |  4.0
Dodging        | |  2.6

Action                     |  1- 3 |  4- 6 |  7- 9 || total
---------------------------+-------+-------+-------++-------
  Melee: Mace              |    94 |    13 |       ||   107
         Punch             |     1 |       |       ||     1
         Flail             |       |    48 |       ||    48
         Giant club        |       |    11 |   221 ||   232
  Throw: Dart              |       |       |    36 ||    36
 Invoke: Berserk           |     2 |     3 |     5 ||    10
         Trog's Hand       |       |     1 |     5 ||     6
  Evoke: Wand              |       |       |     5 ||     5
    Use: Scroll            |     3 |     3 |     9 ||    15
         Potion            |       |     1 |     2 ||     3
 Armour: Animal skin       |    22 |    28 |    69 ||   119
         Skin              |       |       |    34 ||    34
  Dodge: Dodged            |    47 |    46 |   151 ||   244

Illustrated notes

Table legend:
 A = Kills in this place as a percentage of kills in the entire game.
 B = Kills by you in this place as a percentage of kills by you in the entire game.
 C = Kills by friends in this place as a percentage of kills by friends in the entire game.
 D = Other kills in this place as a percentage of other kills in the entire game.
 E = Experience gained in this place as a percentage of experience gained in the entire game.
 F = Experience gained in this place divided by the number of levels of this place that you have seen.
                   A       B       C       D       E      F
               +-------+-------+-------+-------+-------+----------------------
         Total | 100.0 | 100.0 |   N/A |   N/A | 100.0 | 391.0
       Dungeon |  87.5 |  87.5 |   N/A |   N/A |  82.2 | 367.3
        Bailey |  12.5 |  12.5 |   N/A |   N/A |  17.8 | 557.0
               +-------+-------+-------+-------+-------+----------------------

Table legend: (Time is in decaauts)
 A = Elapsed time spent in this place.
 B = Non-inter-level travel time spent in this place.
 C = Inter-level travel time spent in this place.
 D = Time resting spent in this place.
 E = Time spent auto-exploring this place.
 F = Levels seen in this place.
 G = Mean time per level.
                   A        B        C        D        E       F      G
               +--------+--------+--------+--------+--------+-----+--------+
         Total |   7490 |   7391 |     99 |    320 |   5883 |   8 |  936.2 |
       Dungeon |   6341 |   6242 |     99 |    135 |   5133 |   7 |  905.9 |
        Bailey |   1148 |   1148 |      0 |    185 |    750 |   1 | 1148.0 |
               +--------+--------+--------+--------+--------+-----+--------+

Top non-repeatable levels by time:
     D:5: 1511 daAuts
     D:6: 1468 daAuts
  Bailey: 1148 daAuts
     D:4: 999 daAuts
     D:2: 884 daAuts
     D:3: 789 daAuts
     D:1: 568 daAuts
     D:7: 120 daAuts
